 Dungeon Crawl Stone Soup version 0.27-b1-2-g8387495791 (webtiles) character file.

Game seed: 3788456701868391779

999 pikapanic the Cleaver (level 8, -3/68 HPs)
             Began as a Deep Dwarf Fighter on July 26, 2021.
             Slain by an ogre (15 damage)
             ... on level 6 of the Dungeon.
             The game lasted 00:22:50 (4172 turns).

pikapanic the Cleaver (Deep Dwarf Fighter)          Turns: 4172, Time: 00:22:51

Health: -3/68      AC: 10    Str: 28    XL:     8   Next: 0%
Magic:  6/6        EV:  4    Int:  9    God:
Gold:   238        SH: 15    Dex: 12    Spells: 7/7 levels left

rFire    . . .     SeeInvis .   F - +3 mace of Agony {vamp, rElec rPois rC- Str+6}
rCold    x . .     Faith    .   j - +0 tower shield
rNeg     . . .     Spirit   .   w - +0 chain mail
rPois    +         Reflect  .   (no helmet)
rElec    +         Harm     .   (no cloak)
rCorr    .         Rampage  .   l - +0 pair of gloves
Will     +....                  (no boots)
Stlth    ..........             (no amulet)
HPRegen  0.00/turn              (no ring)
MPRegen  0.10/turn              (no ring)

@: no status effects
A: damage resistance, heal wounds, sense surroundings 1, no regeneration
a: Heal Wounds


You were on level 6 of the Dungeon.
You visited 1 branch of the dungeon, and saw 6 of its levels.

You collected 238 gold pieces.

Inventory:

Hand Weapons
 a - a +1 war axe
 f - a +0 hunting sling
 h - the +6 battleaxe of Hatred {vorpal, rF+ rC- rN++ Stlth+}
   (You acquired it on level 2 of the Dungeon)

   It inflicts extra damage upon your enemies.
   rF:        It protects you from fire.
   rC:        It makes you vulnerable to cold.
   rN:        It greatly protects you from negative energy.
   Stlth:     It makes you more stealthy.
 y - a +2 rapier of draining
 C - a +3 mace
 D - a +0 giant club
 F - the +3 mace of Agony (weapon) {vamp, rElec rPois rC- Str+6}
   (You found it on level 5 of the Dungeon)

   It occasionally heals its wielder for a portion of the damage dealt when it
   wounds a living foe.
   Str:       It affects your strength (+6).
   rC:        It makes you vulnerable to cold.
   rElec:     It insulates you from electricity.
   rPois:     It protects you from poison.
Missiles
 G - 3 throwing nets
Armour
 b - a +0 scale mail
 c - a +0 kite shield
 e - a +1 leather armour of positive energy
 j - a +0 tower shield (worn)
 l - a +0 pair of gloves (worn)
 o - a +0 scale mail
 p - a +2 leather armour of fire resistance
 q - a +0 ring mail
 w - a +0 chain mail (worn)
Magical Staves
 k - a staff of earth
Scrolls
 m - a scroll of amnesia
 n - a scroll of enchant weapon
 r - 4 scrolls of teleportation
 t - 2 scrolls of fog
 u - a scroll of magic mapping {unknown}
 v - a scroll of noise
 A - a scroll of vulnerability {unknown}
 B - a scroll of fear {unknown}
 H - a scroll of identify
Potions
 d - a potion of experience {unknown}
 g - 2 potions of invisibility
 i - 2 potions of haste
 s - a potion of flight {unknown}
 x - a potion of degeneration {unknown}
 z - 2 potions of curing
 E - a potion of resistance {unknown}


   Skills:
 - Level 2.6 Fighting
 - Level 9.8(10.0) Axes
 * Level 2.1(6.1) Maces & Flails
 - Level 3.2 Armour
 - Level 1.0 Dodging
 - Level 0.3 Stealth
 - Level 3.2 Shields


You had 7 spell levels left.
You didn't know any spells.
Your spell library contained the following spells:

 Spells                   Type           Power      Damage    Failure   Level
 Ensorcelled Hibernation  Hex/Ice        0%         N/A       100%        2
 Slow                     Hex            0%         N/A       100%        2
 Confusing Touch          Hex            0%         N/A       100%        3
 Gell's Gravitas          Tloc           0%         N/A       100%        3
 Spider Form              Tmut/Pois      0%         N/A       100%        3
 Teleport Other           Tloc           0%         N/A       100%        3
 Freezing Cloud           Conj/Ice/Air   0%         6-21      100%        5
 Yara's Violent Unravell  Hex/Tmut       0%         3d3       100%        5
 Dispersal                Tloc           0%         N/A       100%        6
 Shadow Creatures         Summ           N/A        N/A       100%        6
 Simulacrum               Ice/Necr       0%         N/A       100%        6
 Polar Vortex             Ice            0%         N/A       100%        9


Dungeon Overview and Level Annotations

Branches:
Dungeon (6/15)
 Temple: D:4-7

Altars:
Dithmenos
Uskayaw

Shops:
D:4 *


Innate Abilities, Weirdness & Mutations

You are resistant to damage.
You can heal yourself by infusing magical energy.
You passively map a small area around you.
You do not regenerate.


Message History

The iguana is severely wounded.
You block the iguana's attack. The iguana bites you.
Your chain mail prevents you from hitting the iguana.
The iguana is severely wounded.
You block the iguana's attack.
You closely miss the iguana.
The iguana is severely wounded.
You block the iguana's attack. x2
You hit the iguana.
You feel better.
The iguana is severely wounded.
You block the iguana's attack. The iguana bites you.
You hit the iguana but do no damage.
The iguana is severely wounded.
The iguana barely misses you. You block the iguana's attack.
You sock the iguana!
You feel better.
You kill the iguana!
Your base Maces & Flails skill increases to level 2!
You have reached level 8!
You feel clever.
Found 11 gold pieces.
You now have 227 gold pieces (gained 6).
Found a scroll of teleportation and a scroll of identify.
You now have 238 gold pieces (gained 11).
H - 2 scrolls of identify (gained 1)
As you read the scroll of identify, it crumbles to dust.
z - 2 potions of curing
Found a runed ivory wand.
r - 4 scrolls of teleportation (gained 1)
Found a glowing hunting sling.
An ogre comes into view. It is wielding a +0 giant club.
The ogre shouts!
You see here a wand of mindburst (10).
You block the ogre's attack.
You hit the ogre.
The ogre is lightly wounded.
The ogre hits you with a +0 giant club!!
* * * LOW HITPOINT WARNING * * *
The ogre hits you with a +0 giant club!
You die...

..,
#............#### .
##...............
... *
*#........#######
.... ##.#.....#
....########..####.#
,.............## #.#
* #............# #.#
* #............#
#........
#.....O@.....#
########. *
#..../.......# ,
...#######..##..# ,
* * * ##.# #)# * ,
#+#* .# , * , *.# ,
,, ,* , , , , , *


You could see an ogre.

Vanquished Creatures
  An ice beast (D:5)
  A black bear (D:5)
  An ogre (D:5)
  A bullfrog (D:5)
  2 scorpions
  2 water moccasin skeletons
  A howler monkey (D:4)
  A gnoll shaman (D:5)
  A hound (D:5)
  2 centaur skeletons
  An iguana (D:6)
  An orc wizard (D:5)
  8 gnolls
  6 adders
  An ufetubus (D:5)
  An adder skeleton (D:4)
  A worm (D:5)
  5 dart slugs
  4 orcs (D:5)
  7 ball pythons
  8 bats
  7 endoplasms
  5 giant cockroaches
  8 goblins
  10 hobgoblins
  7 kobolds
  3 quokkas
  2 frilled lizards
  10 rats
  A bush (D:3)
109 creatures vanquished.

Notes
Turn   | Place    | Note
-------+----------+-------------------------------------------
     0 | D:1      | pikapanic the Deep Dwarf Fighter began the quest for the
                  | Orb.
     0 | D:1      | Reached XP level 1. HP: 20/20 MP: 1/1
   116 | D:1      | Found a faded altar of an unknown god.
   123 | D:1      | Reached skill level 3 in Axes
   154 | D:1      | Reached XP level 2. HP: 20/27 MP: 2/2
   451 | D:1      | Reached XP level 3. HP: 11/33 MP: 3/3
   726 | D:1      | Reached skill level 4 in Axes
  1077 | D:2      | Reached XP level 4. HP: 7/40 MP: 3/3
  1108 | D:2      | Reached skill level 1 in Dodging
  1315 | D:2      | Identified a scroll of acquirement
  1316 | D:2      | Acquired the +6 battleaxe of Hatred {vorpal, rF+ rC- rN++
                  | Stlth+}
  1498 | D:2      | Reached skill level 5 in Axes
  2033 | D:3      | Found a shadowy altar of Dithmenos.
  2222 | D:3      | Found a hide-covered altar of Uskayaw.
  2273 | D:3      | Reached XP level 5. HP: 43/46 MP: 4/4
  2555 | D:4      | Found Eckiw's General Store.
  2808 | D:4      | Reached skill level 6 in Axes
  3017 | D:4      | Reached skill level 7 in Axes
  3017 | D:4      | Reached XP level 6. HP: 33/55 MP: 5/5
  3235 | D:5      | Entered Level 5 of the Dungeon
  3361 | D:5      | Reached skill level 8 in Axes
  3385 | D:5      | Reached XP level 7. HP: 58/61 MP: 5/5
  3478 | D:5      | Reached skill level 9 in Axes
  3678 | D:5      | Identified the +3 mace of Agony {vamp, rElec rPois rC-
                  | Str+6}
  4067 | D:6      | Reached skill level 1 in Maces & Flails
  4094 | D:6      | Reached XP level 8. HP: 30/68 MP: 6/6
  4172 | D:6      | Slain by an ogre

Illustrated notes

Levels and vault maps discovered:
D:1:      elethiomel_arrival_shortcut, layout_basic,
          chequers_ecumenical_altar_simple
D:2:      kennysheep_six_static_rooms, layout_basic,
          amcnicky_mini_corridor_feature
D:3:      layout_basic, mainiacjoe_overflow_boulevard, lemuel_round_altar
D:4:      layout_basic, serial_shops, nicolae_square_shop
D:5:      layout_loops_ring, st_stairs_4
D:6:      lemuel_slime, layout_basic, minmay_temple_entry_sparse_star

Skill      XL: |  1  2  3  4  5  6  7 |
---------------+----------------------+-----
Axes           | 3 4 5 7 8 9 |  9.8
Dodging        | 1 |  1.0
Maces & Flails | 2 |  2.1
Fighting       | |  2.6
Armour         | |  3.2
Stealth        | |  0.3
Shields        | |  3.2

Action                   |  1- 3 |  4- 6 |  7- 9 || total
-------------------------+-------+-------+-------++-------
Melee: War axe           |   100 |    23 |       ||   123
       Battleaxe         |       |    90 |    37 ||   127
       Mace              |       |       |    17 ||    17
 Abil: Heal Wounds       |     1 |     3 |     1 ||     5
  Use: Scroll            |     6 |     4 |     1 ||    11
       Potion            |       |     1 |     1 ||     2
Armor: Scale mail        |    57 |    34 |       ||    91
       Chain mail        |       |    20 |    28 ||    48
Dodge: Dodged            |    37 |    37 |    18 ||    92
Block: Kite shield       |    30 |       |       ||    30
       Tower shield      |    54 |    18 |    23 ||    95
